 Dungeon Crawl Stone Soup version 0.29.1-13-g9f3cf754e1 (webtiles) character file.

Game seed: 13811549750200480494

28 Gabide the Cudgeller (level 3, -3/29 HPs)
             Began as a Formicid Berserker on Feb 2, 2023.
             Was a Follower of Trog.
             Succumbed to a gnoll's poison
             ... on level 2 of the Dungeon.
             The game lasted 00:01:07 (1024 turns).

Gabide the Cudgeller (Formicid Berserker)           Turns: 1024, Time: 00:01:07

Health: -3/29      AC:  7    Str: 23    XL:     3   Next: 27%
Magic:  3/3        EV:  5    Int:  6    God:    Trog [*.....]
Gold:   43         SH:  0    Dex: 13    Spells: 2/2 levels left

rFire   . . .      SeeInvis +   a - +0 mace
rCold   . . .      Faith    .   (no shield)
rNeg    . . .      Spirit   .   h - +0 scale mail
rPois   .          Reflect  .   (helmet unavailable)
rElec   .          Harm     .   g - +0 cloak
rCorr   .          Rampage  .   (no gloves)
Will    .....                   (no boots)
Stlth   ..........              (no amulet)
HPRegen 0.09/turn               (no ring)
MPRegen 0.08/turn               (no ring)

@: lethally poisoned (-3 -> -30), held
A: permanent stasis, dig shafts and tunnels, antennae 3, four strong arms
a: Dig, Shaft Self, Renounce Religion


You were on level 2 of the Dungeon.
You worshipped Trog.
Trog was aware of your devotion.
You visited 1 branch of the dungeon, and saw 2 of its levels.

You collected 43 gold pieces.

Inventory:

Hand Weapons
 a - a +0 mace (weapon)
Armour
 g - a +0 cloak (worn)
 h - a +0 scale mail (worn)
Scrolls
 c - 4 scrolls of vulnerability {unknown}
 d - a scroll of amnesia {unknown}
 e - a scroll of identify {unknown}
 f - a scroll of summoning {unknown}


   Skills:
 + Level 3.6 Fighting
 * Level 3.6 Maces & Flails
 - Level 2.1 Armour
 + Level 2.2 Dodging


You had 2 spell levels left.
You didn't know any spells.
Your spell library was empty.

Dungeon Overview and Level Annotations

Branches:
Dungeon (2/15)

Altars:


Innate Abilities, Weirdness & Mutations

You cannot be hasted, slowed, berserked, paralysed or teleported.
You can dig through walls and to a lower floor.
You have a pair of large antennae on your head. (SInv)
Your four strong arms can wield two-handed weapons with a shield.


Message History

There is a stone staircase leading up here.
A gnoll is nearby!
A gnoll comes into view. It is wielding a +0 whip.
The gnoll shouts!
A gnoll comes into view. It is wielding a +0 club.
The gnoll barely misses you. The gnoll barely misses you.
You hit the gnoll.
The gnoll is lightly wounded.
The gnoll hits you with a +0 whip. The gnoll barely misses you.
You hit the gnoll.
The gnoll is severely wounded.
A quokka comes into view.
The gnoll hits you with a +2 halberd of venom.
You are poisoned.
The gnoll closely misses you.
You hit the gnoll.
You kill the gnoll!
Trog accepts your kill.
You feel very sick. The gnoll misses you.
The gnoll throws a throwing net.
The throwing net hits you.
You become entangled in the net!
You have reached level 3!
Your experience leads to an increase in your attributes!
Increase (S)trength, (I)ntelligence, or (D)exterity?
You feel stronger. x2
You struggle against the net.
You feel sick.
The gnoll hits you with a +2 halberd of venom!
You are lethally poisoned!
You struggle against the net.
* * * LOW HITPOINT WARNING * * *
You feel very sick. The gnoll hits you but does no damage.
The gnoll hits you with a +2 halberd of venom.
* * * LOW HITPOINT WARNING * * *
You are more poisoned.
You aren't carrying any potions.
You aren't carrying any potions.
You struggle against the net.
You die...

# .# ##{###
.....
####### ...
.......#.# #
#.<####..###
#...@gr..)..
##.##g#..###
##. .# # #
.. .#. .#.#
.# # ..


You could see 2 gnolls and a quokka.

Vanquished Creatures
  A gnoll (D:2)
  3 endoplasms (D:1)
  A giant cockroach (D:1)
  A goblin (D:1)
  A hobgoblin (D:1)
  A kobold (D:1)
  A quokka (D:1)
  A ball python (D:1)
  4 bats (D:1)
  A frilled lizard (D:1)
  3 rats (D:1)
18 creatures vanquished.

Notes
Turn   | Place    | Note
-------+----------+-------------------------------------------
     0 | D:1      | Gabide the Formicid Berserker began the quest for the Orb.
     0 | D:1      | Reached XP level 1. HP: 18/18 MP: 1/1
   237 | D:1      | Reached XP level 2. HP: 20/24 MP: 2/2
   905 | D:1      | Found a faded altar of an unknown god.
   905 | D:1      | Noticed a quasit
  1022 | D:2      | Reached XP level 3. HP: 19/29 MP: 3/3
  1024 | D:2      | Succumbed to a gnoll's poison

Illustrated notes

Levels and vault maps discovered:
D:1:      scummos_arrival_hexagon, layout_basic,
          dreamdust_ecumenical_altar_sealed_demon
D:2:      cheibrodos_fertilizer, layout_loops_ring, serial_shops,
          nicolae_diamond_shop, uniq_robin

Skill      XL: |  1  2 |
---------------+-------+-----
Dodging        | 2 |  2.2
Fighting       | |  3.6
Maces & Flails | |  3.6
Armour         | |  2.1

Action                   || total
-------------------------++-------
Melee: Mace              ||    53
       Punch             ||     1
Armor: Animal skin       ||    14
       Scale mail        ||     1
Dodge: Dodged            ||    39
